 Dungeon Crawl Stone Soup version 0.26-a0-520-g952f204493 (webtiles) character file.

Game seed: 4066295200792994588

188 ANON1729 the Ruffian (level 5, 0/41 HPs)
             Began as a Gnoll Wanderer on Aug 12, 2020.
             Killed from afar by an orc wizard (4 damage)
             ... with a magic dart
             ... on level 3 of the Dungeon.
             The game lasted 00:04:08 (3242 turns).

ANON1729 the Ruffian (Gnoll Wanderer)               Turns: 3242, Time: 00:04:08

Health: 0/41       AC:  2    Str: 21    XL:     5   Next: 67%
Magic:  7/7        EV: 12    Int: 15    God:
Gold:   57         SH:  0    Dex: 14    Spells: 7/7 levels left

rFire    . . .     SeeInvis .   i - +0 short sword (venom)
rCold    . . .     Faith    .   (no shield)
rNeg     . . .     Spirit   .   d - +0 robe (curse)
rPois    .         Reflect  .   (no helmet)
rElec    .         Harm     .   (no cloak)
rCorr    .                      (no gloves)
MR       .....                  (no boots)
Stlth    +++.......             (no amulet)
HPRegen  0.13/turn              g - +6 ring of strength
MPRegen  0.10/turn              (no ring)

@: no status effects
A: distributed training, fangs 1, strong nose
a: no special abilities


You were on level 3 of the Dungeon.
You visited 1 branch of the dungeon, and saw 3 of its levels.

You collected 57 gold pieces.

Inventory:

Hand Weapons
 i - a +0 short sword of venom (weapon)
Armour
 a - a +1 scale mail of fire resistance
 b - a +0 ring mail
 d - a cursed +0 robe (worn)
Jewellery
 g - a +6 ring of strength (left hand)
Wands
 p - a wand of paralysis (9)
Scrolls
 c - 2 scrolls of amnesia {unknown}
 e - a scroll of enchant weapon {unknown}
 f - 2 scrolls of identify {unknown}
 j - 3 scrolls of magic mapping {unknown}
 l - 3 scrolls of enchant armour {unknown}
 n - a scroll of immolation {unknown}
 o - a scroll of teleportation {unknown}
Potions
 h - a potion of mutation {unknown}
 k - a potion of resistance {unknown}
 m - a potion of cancellation {unknown}


   Skills:
 + Level 3.0 Fighting
 + Level 1.6 Short Blades
 + Level 1.6 Long Blades
 + Level 1.6 Axes
 + Level 1.6 Maces & Flails
 + Level 1.6 Polearms
 + Level 1.6 Staves
 + Level 1.6 Slings
 + Level 1.6 Bows
 + Level 3.0 Crossbows
 + Level 3.0 Throwing
 + Level 3.0 Armour
 + Level 1.6 Dodging
 + Level 4.4 Stealth
 + Level 3.0 Shields
 + Level 6.7 Unarmed Combat
 + Level 1.6 Spellcasting
 + Level 1.2 Conjurations
 + Level 1.2 Hexes
 + Level 1.2 Summonings
 + Level 1.2 Necromancy
 + Level 1.2 Translocations
 + Level 1.2 Transmutations
 + Level 1.2 Fire Magic
 + Level 1.2 Ice Magic
 + Level 1.2 Air Magic
 + Level 1.2 Earth Magic
 + Level 1.2 Poison Magic
 + Level 1.8 Invocations
 + Level 1.6 Evocations


You had 7 spell levels left.
You didn't know any spells.
Your spell library was empty.

Dungeon Overview and Level Annotations

Branches:
Dungeon (3/15)

Altars:
Makhleb

Annotations:
D:2 Terence


Innate Abilities, Weirdness & Mutations

Your experience applies equally to all skills.
You have very sharp teeth.
Your uncanny sense of smell can sniff out nearby items.


Message History

There are monsters nearby!
The orc wizard mumbles some strange words.
The orc wizard blinks!
The orc wizard hits you with a +0 dagger.
The orc wizard hits you with a +0 dagger.
The orc wizard casts a spell.
The orc wizard blinks!
You closely miss the orc. The orc hits you with a +0 flail!
You hit the orc.
The orc is severely wounded.
The orc hits you with a +0 flail!
You barely miss the orc.
The orc is severely wounded.
The orc hits you with a +0 flail!
* * * LOW HITPOINT WARNING * * *
You hit the orc.
You kill the orc!
The orc wizard casts a spell at you. The magic dart hits you.
You die...

#...####..# #. #...# #..# #.
#...# #..# #. #...##
#..#############. #....#
#................
#.#####..#.###.##.############
#........#.#...##.#
.........#.###.##.#
.........ooSo@....#
..........o######.#
#######..### #.# #### ###


You could see an orc wizard (fast), an adder and 3 orcs.

Vanquished Creatures
  An orc warrior (D:3)
  4 adders
  3 dart slugs
  A leopard gecko (D:1)
  4 orcs
  4 giant cockroaches
  4 goblins
  3 hobgoblins
  7 jackals
  6 kobolds
  5 bats
  6 frilled lizards
  A quokka skeleton (D:2)
  2 rats
51 creatures vanquished.

Notes
Turn   | Place    | Note
-------+----------+-------------------------------------------
     0 | D:1      | ANON1729 the Gnoll Wanderer began the quest for the Orb.
     0 | D:1      | ANON1729 set off with the following items: a +0 club, a +0
                  | ring mail, a potion of lignification, 2 potions of berserk
                  | rage, a +0 dagger
     0 | D:1      | Reached XP level 1. HP: 17/17 MP: 1/1
   559 | D:1      | Reached XP level 2. HP: 23/23 MP: 2/2
  1107 | D:1      | Reached XP level 3. HP: 22/28 MP: 3/3
  1354 | D:2      | Reached skill level 1 in Invocations
  1599 | D:2      | Reached skill level 1 in Short Blades
  1599 | D:2      | Reached skill level 1 in Long Blades
  1599 | D:2      | Reached skill level 1 in Axes
  1599 | D:2      | Reached skill level 1 in Maces & Flails
  1599 | D:2      | Reached skill level 1 in Polearms
  1599 | D:2      | Reached skill level 1 in Staves
  1599 | D:2      | Reached skill level 1 in Slings
  1599 | D:2      | Reached skill level 1 in Bows
  1599 | D:2      | Reached skill level 1 in Dodging
  1599 | D:2      | Reached skill level 1 in Spellcasting
  1599 | D:2      | Reached skill level 1 in Evocations
  1884 | D:2      | Reached XP level 4. HP: 34/34 MP: 5/5
  1952 | D:2      | Noticed Terence
  1989 | D:3      | Found a burning altar of Makhleb.
  2154 | D:3      | Noticed an orc warrior
  2632 | D:3      | Killed an orc warrior
  2632 | D:3      | Reached skill level 1 in Conjurations
  2632 | D:3      | Reached skill level 1 in Hexes
  2632 | D:3      | Reached skill level 1 in Summonings
  2632 | D:3      | Reached skill level 1 in Necromancy
  2632 | D:3      | Reached skill level 1 in Translocations
  2632 | D:3      | Reached skill level 1 in Transmutations
  2632 | D:3      | Reached skill level 1 in Fire Magic
  2632 | D:3      | Reached skill level 1 in Ice Magic
  2632 | D:3      | Reached skill level 1 in Air Magic
  2632 | D:3      | Reached skill level 1 in Earth Magic
  2632 | D:3      | Reached skill level 1 in Poison Magic
  2632 | D:3      | Reached XP level 5. HP: 8/41 MP: 5/7
  3242 | D:3      | Killed from afar by an orc wizard

Illustrated notes

Levels and vault maps discovered:
D:1:      minmay_arrival_pointy, layout_basic
D:2:      layout_loops_ring, kennysheep_generic_room_2, uniq_terence
D:3:      layout_basic, old_standard_altar, lemuel_crystal_altar,
          small_statue_intersection

Skill      XL: |  1  2  3  4 |
---------------+-------------+-----
Invocations    | 1 |  1.8
Short Blades   | 1 |  1.6
Long Blades    | 1 |  1.6
Axes           | 1 |  1.6
Maces & Flails | 1 |  1.6
Polearms       | 1 |  1.6
Staves         | 1 |  1.6
Slings         | 1 |  1.6
Bows           | 1 |  1.6
Dodging        | 1 |  1.6
Spellcasting   | 1 |  1.6
Evocations     | 1 |  1.6
Fighting       | 3 |  3.0
Crossbows      | 3 |  3.0
Throwing       | 3 |  3.0
Armour         | 3 |  3.0
Shields        | 3 |  3.0
Conjurations   | 1 |  1.2
Hexes          | 1 |  1.2
Summonings     | 1 |  1.2
Necromancy     | 1 |  1.2
Translocations | 1 |  1.2
Transmutations | 1 |  1.2
Fire Magic     | 1 |  1.2
Ice Magic      | 1 |  1.2
Air Magic      | 1 |  1.2
Earth Magic    | 1 |  1.2
Poison Magic   | 1 |  1.2
Stealth        | |  4.4
Unarmed Combat | |  6.7

Action                   |  1- 3 |  4- 6 || total
-------------------------+-------+-------++-------
Melee: Club              |    42 |       ||    42
       Punch             |     2 |     2 ||     4
       Whip              |   139 |    46 ||   185
       Bite              |    12 |     5 ||    17
       Short sword       |       |    29 ||    29
  Use: Potion            |     4 |     1 ||     5
 Stab: Sleeping          |     3 |     4 ||     7
Armor: Ring mail         |    71 |       ||    71
       Skin              |    19 |       ||    19
       Robe              |     7 |    12 ||    19
Dodge: Dodged            |   106 |    42 ||   148

Table legend: (Time is in decaauts)
 A = Elapsed time spent in this place.
 B = Non-inter-level travel time spent in this place.
 C = Inter-level travel time spent in this place.
 D = Time resting spent in this place.
 E = Time spent auto-exploring this place.
 F = Levels seen in this place.
 G = Mean time per level.
                   A        B        C        D        E       F      G
               +--------+--------+--------+--------+--------+-----+--------+
         Total |   3286 |   3256 |     30 |   1592 |   1081 |   3 | 1095.3 |
       Dungeon |   3286 |   3256 |     30 |   1592 |   1081 |   3 | 1095.3 |
               +--------+--------+--------+--------+--------+-----+--------+

Top non-repeatable levels by time:
     D:1: 1356 daAuts
     D:2: 1064 daAuts
     D:3: 865 daAuts
